 Dungeon Crawl Stone Soup version 0.30-a0-596-g0af90f9a20 (webtiles) character file.

Game seed: 16110853453488910610

531 flotson the Sneak (level 7, -4/55 HPs)
             Began as a Demonspawn Delver on Jan 7, 2023.
             Killed from afar by Blork the orc (8 damage)
             ... with a magic dart
             ... on level 4 of the Dungeon.
             The game lasted 00:06:07 (3827 turns).

flotson the Sneak (Demonspawn Delver)               Turns: 3827, Time: 00:06:08

Health: -4/55      AC:  0    Str: 12 (14) XL:     7   Next: 3%
Magic:  7/7        EV: 15    Int: 11 (12) God:
Gold:   232        SH:  0    Dex: 13 (14) Spells: 6/6 levels left

rFire   . . .      SeeInvis .    (weapon currently unavailable)
rCold   . . .      Faith    .    (shield currently unavailable)
rNeg    . . .      Spirit   .    (body armour currently unavailable)
rPois   .          Reflect  .    (helmet currently unavailable)
rElec   .          Harm     .    (cloak currently unavailable)
rCorr   .          Rampage  .    (gloves currently unavailable)
Will    .....                    (boots currently unavailable)
Stlth   +++                      (no amulet)
HPRegen 0.29/turn                (ring currently unavailable)
MPRegen 0.10/turn                (ring currently unavailable)

@: pig-form, hasted, very quick
A: fast, no casting, small, (hooves 1), (molten scales 2)
a: no special abilities


You were on level 4 of the Dungeon.
You were a filthy swine.
You visited 1 branch of the dungeon, and saw 5 of its levels.

You collected 232 gold pieces.

Inventory:

Hand Weapons
 a - a +0 flail
 b - a +0 shortbow
 z - a +2 quarterstaff of chaos (melded)
Missiles
 d - 5 javelins
 m - 2 poisoned darts
 q - 3 atropa-tipped darts
Armour
 e - a +1 pair of gloves (melded)
 j - a +0 pair of boots (melded)
 l - a +0 ring mail (melded)
 w - a +0 cloak (melded)
Jewellery
 y - a ring of see invisible (melded)
Wands
 g - a wand of digging (2)
 B - a wand of flame (23)
 D - a wand of polymorph (3)
Scrolls
 c - a scroll of fog
 f - 2 scrolls of teleportation {unknown}
 h - a scroll of summoning {unknown}
 i - 2 scrolls of identify {unknown}
 k - 2 scrolls of magic mapping
 n - 2 scrolls of amnesia {unknown}
 p - 2 scrolls of enchant weapon {unknown}
 s - a scroll of poison {unknown}
 v - a scroll of immolation {unknown}
 x - a scroll of vulnerability {unknown}
Potions
 r - a potion of magic {unknown}
 u - a potion of curing {unknown}
 A - a potion of brilliance {unknown}
 C - a potion of invisibility {unknown}


   Skills:
 + Level 4.4 Fighting
 - Level 1.7 Axes
 + Level 2.2 Throwing
 + Level 2.7 Armour
 + Level 3.3 Dodging
 - Level 5.0 Stealth
 + Level 3.0 Evocations


You had 6 spell levels left.
You didn't know any spells.
Your spell library contained the following spells:

 Spells                   Type           Power      Damage    Failure   Level
 Summon Small Mammal      Summ           0%         N/A       34%         1
 Blink                    Tloc           0%         N/A       47%         2
 Momentum Strike          Conj/Tloc      0%         3d8       47%         2
 Sublimation of Blood     Necr           0%         N/A       47%         2
 Call Canine Familiar     Summ           0%         N/A       71%         3
 Kindle Blastsparks       Fire/Tloc/Air  0%         2d10      71%         3
 Lesser Beckoning         Tloc           0%         N/A       71%         3
 Summon Guardian Golem    Hex/Summ       0%         N/A       71%         3
 Fulminant Prism          Conj/Hex       0%         3d5       98%         4
 Iskenderun's Mystic Bla  Conj/Tloc      0%         2d3       98%         4
 Petrify                  Tmut/Erth      0%         N/A       98%         4
 Irradiate                Conj/Tmut      0%         3d11      100%        5
 Lee's Rapid Deconstruct  Erth           0%         3d4*      100%        5


Dungeon Overview and Level Annotations

Branches:
Dungeon (5/15)             Temple (0/1) D:5

Altars:

Annotations:
D:4 Blork the orc


Innate Abilities, Weirdness & Mutations

You are a filthy swine.
You move quickly.
Your equipment is almost entirely melded.
You are incapable of wielding weapons or throwing items.
You cannot cast spells.
((You have large cloven feet.))
((You are mostly covered in molten scales. (AC +3)))


Message History

The now-empty wand crumbles to dust.
You hit Blork the orc but do no damage.
Blork the orc hits you with a +0 long sword.
You closely miss Blork the orc. Blork the orc closely misses you.
You closely miss Blork the orc.
Blork the orc drinks a potion.
Blork the orc suddenly seems more resistant.
Blork the orc screams, "I'll break your legs!"
Blork the orc hits you with a +0 long sword!
You hit Blork the orc.
Blork the orc is lightly wounded.
Blork the orc hits you with a +0 long sword!
You hit Blork the orc.
Blork the orc is lightly wounded.
Blork the orc hits you with a +0 long sword!
You are too injured to fight recklessly!
You are too injured to fight recklessly!
You are too injured to fight recklessly!
You are too injured to fight recklessly!
You are too injured to fight recklessly!
You are too injured to fight recklessly!
You hit Blork the orc.
Blork the orc is moderately wounded.
Blork the orc hits you with a +0 long sword!
* * * LOW HITPOINT WARNING * * *
Blork the orc closely misses you.
Blork the orc points at you and mumbles some strange words.
The puff of flame misses you.
Okay, then.
Unknown command.
You feel yourself speed up.
Blork the orc looks braver for a moment.
Blork the orc gestures at you while chanting.
The magic dart hits you!
* * * LOW HITPOINT WARNING * * *
It was a potion of degeneration.
There was something very wrong with that liquid.
You feel weakened.
You feel dopey.
You feel clumsy.
Blork the orc points at you and mumbles some strange words.
The magic dart hits you!
You die...

###### ## #.#..#
#########.###### ####.#..#
#...h..o........
.....#..#####.#######.######
####.#.........# .#
###.#..#####..# .#
#................ ..
##.#.#...###...#### .#
...............# .#
...............######.#
##.#..................


You could see Blork the orc (fast, resistant).

Vanquished Creatures
  Sigmund (D:3)
  2 hounds
  Crazy Yiuf (D:2)
  An iguana (D:3)
  An orc wizard (D:4)
  6 gnolls
  8 adders
  4 worms
  4 dart slugs
  11 orcs
  4 endoplasms
  6 giant cockroaches
  5 goblins
  5 hobgoblins
  4 kobolds
  3 quokkas
  5 ball pythons
  9 bats
  4 frilled lizards
  13 rats
97 creatures vanquished.

Vanquished Creatures (others)
  A fungus (D:2)
1 creature vanquished.

Grand Total: 98 creatures vanquished

Notes
Turn   | Place    | Note
-------+----------+-------------------------------------------
     0 | D:5      | flotson the Demonspawn Delver began the quest for the Orb.
     0 | D:5      | Reached XP level 1. HP: 18/18 MP: 1/1
    44 | D:5      | Gained mutation: You are partially covered in molten
                  | scales. (AC +2) [demonic ancestry]
    44 | D:5      | Reached XP level 2. HP: 12/24 MP: 2/2
   128 | D:5      | Noticed an ogre
   163 | D:5      | Reached skill level 1 in Armour
   163 | D:5      | Reached skill level 1 in Evocations
   163 | D:5      | Reached XP level 3. HP: 20/29 MP: 3/3
   285 | D:4      | Reached XP level 4. HP: 35/35 MP: 4/4
   929 | D:3      | Reached skill level 5 in Stealth
   929 | D:3      | Reached XP level 5. HP: 32/41 MP: 5/5
  1221 | D:3      | Reached skill level 1 in Throwing
  2294 | D:2      | Gained mutation: You are mostly covered in molten scales.
                  | (AC +3) [demonic ancestry]
  2294 | D:2      | Reached XP level 6. HP: 48/48 MP: 6/6
  2571 | D:2      | Found a faded altar of an unknown god.
  2891 | D:2      | Found a runed translucent door.
  2892 | D:2      | Noticed Crazy Yiuf
  2903 | D:2      | Killed Crazy Yiuf
  3207 | D:3      | Noticed Sigmund
  3216 | D:3      | Killed Sigmund
  3357 | D:3      | Gained mutation: You have large cloven feet. [demonic
                  | ancestry]
  3357 | D:3      | Reached XP level 7. HP: 5/55 MP: 7/7
  3810 | D:4      | Noticed Blork the orc
  3827 | D:4      | Killed from afar by Blork the orc

Illustrated notes

Levels and vault maps discovered:
D:1:      elethiomel_arrival_diamonds, layout_loops_ring, serial_rivers,
          chequers_serial_rivers_micro_b, chequers_serial_rivers_small_a,
          chequers_serial_rivers_micro_c, chequers_serial_rivers_marsh,
          minmay_statues_item, minmay_misc_feat_roman, minmay_tetromino_t4
D:2:      minmay_spotlight, layout_basic,
          shapermc_ecumenical_altar_mp_highgroup, uniq_crazy_yiuf_cottage
D:3:      layout_loops_ring, st_stairs_6, uniq_sigmund
D:4:      layout_basic, serial_bayou_pond_d, nicolae_underground_beach,
          uniq_blork_the_orc
D:5:      layout_basic, minmay_temple_entry_large_hall

Skill      XL: |  1  2  3  4  5  6 |
---------------+-------------------+-----
Armour         | 1 2 |  2.7
Dodging        | 2 3 |  3.3
Evocations     | 1 2 3 |  3.0
Stealth        | 5 |  5.0
Throwing       | 1 2 |  2.2
Fighting       | 4 |  4.4
Axes           | |  1.7

Action                   |  1- 3 |  4- 6 |  7- 9 || total
-------------------------+-------+-------+-------++-------
Melee: Hand axe          |    13 |       |       ||    13
       Flail             |    21 |    18 |       ||    39
       Quarterstaff      |       |    34 |     2 ||    36
       Unarmed           |       |       |     6 ||     6
 Fire: Shortbow          |       |   274 |       ||   274
Evoke: Wand              |       |     1 |       ||     1
  Use: Scroll            |     2 |       |       ||     2
       Potion            |     1 |       |     2 ||     3
 Stab: Sleeping          |     3 |     1 |       ||     4
Armor: Leather armour    |    11 |     7 |       ||    18
       Ring mail         |       |   122 |       ||   122
Dodge: Dodged            |    30 |   154 |     5 ||   189

Table legend: (Time is in decaauts)
 A = Elapsed time spent in this place.
 B = Non-inter-level travel time spent in this place.
 C = Inter-level travel time spent in this place.
 D = Time resting spent in this place.
 E = Time spent auto-exploring this place.
 F = Levels seen in this place.
 G = Mean time per level.
                   A        B        C        D        E       F      G
               +--------+--------+--------+--------+--------+-----+--------+
         Total |   3995 |   3787 |    208 |      0 |   2859 |   5 |  799.0 |
       Dungeon |   3995 |   3787 |    208 |      0 |   2859 |   5 |  799.0 |
               +--------+--------+--------+--------+--------+-----+--------+

Top non-repeatable levels by time:
     D:2: 1129 daAuts
     D:3: 1101 daAuts
     D:1: 814 daAuts
     D:4: 786 daAuts
     D:5: 163 daAuts
